ITL
BLUEVILLE 83'S @ DETROIT X-WINGS
06/11/2028
 
TOP OF THE 1ST
Blueville 83's batting - Pitching for Detroit X-Wings : RHP Júlio Ruíz
Pitching: RHP Júlio Ruíz
Batting: SHB Bob Noble 0-0: Ball
1-0: SINGLE (Groundball, 4MD)
Batting: RHB Matt Perkins 0-0: Called Strike
0-1: Ball
1-1: Ball
Bob Noble is caught stealing 2nd base
2-1: SOLO HOME RUN (Line Drive, 78XD), Distance : 421 ft
Batting: RHB Tae-kwon Kwon 0-0: Ball
1-0: SINGLE (Groundball, 56D)
Batting: LHB António Glaviz 0-0: Called Strike
0-1: Ball
1-1: Ball
2-1: SINGLE (Groundball, 23) (infield hit)
Tae-kwon Kwon to second
Batting: LHB Ricardo Romero 0-0: Ball
1-0: Ball
2-0: Called Strike
2-1: Fielders Choice at 2nd, 3-6 (Groundball, 34)
Tae-kwon Kwon to third
Batting: LHB Ron Robinson 0-0: Called Strike
0-1: Foul Ball, location: 2F
0-2: Foul Ball, location: 2F
0-2: Foul Ball, location: 2F
0-2: SINGLE (Groundball, 3D)
Tae-kwon Kwon scores
Ricardo Romero to second
Runner from 2nd tries for 3rd, SAFE, throw made to third
Batting: RHB Felipe Rivera 0-0: Ball
1-0: Swinging Strike
1-1: Ball
2-1: Fielders Choice at 2nd, 5-4 (Groundball, 56)
Top of the 1st over - 2 run(s), 5 hit(s), 0 error(s), 1 left on base; Blueville 2 - Detroit 0
BOTTOM OF THE 1ST
Detroit X-Wings batting - Pitching for Blueville 83's : RHP Gary Grimes
Pitching: RHP Gary Grimes
Batting: LHB Sergio Luna 0-0: Ground out 6-3 (Groundball, 6)
Batting: LHB Chris Loudermilk 0-0: Swinging Strike
0-1: Ball
1-1: Ball
2-1: Ball
3-1: Called Strike
3-2: Foul Ball, location: 2F
3-2: SINGLE (Flyball, 89S)
Batting: RHB Jaime Contreras 0-0: Ball
1-0: Foul Ball, location: 2F
1-1: Called Strike
Chris Loudermilk steals 2nd base
1-2: Ball
2-2: Ground out 5-3 (Groundball, 5S)
Chris Loudermilk to third
Batting: LHB Juan Jose Pineda 0-0: Foul Ball, location: 2F
0-1: Foul Ball, location: 2F
0-2: Ball
1-2: Ball
2-2: SINGLE (Flyball, 89S)
Chris Loudermilk scores
Batting: RHB John Moore 0-0: Called Strike
0-1: Ball
1-1: Foul Ball, location: 2F
1-2: Strikes out swinging
Bottom of the 1st over - 1 run(s), 2 hit(s), 0 error(s), 1 left on base; Blueville 2 - Detroit 1
TOP OF THE 2ND
Blueville 83's batting - Pitching for Detroit X-Wings : RHP Júlio Ruíz
Batting: LHB Vincente Sáenz 0-0: Ball
1-0: Foul Ball, location: 2F
1-1: SINGLE (Flyball, 7LS)
Batting: LHB Jacob Wright 0-0: Ball
1-0: Foul Ball, location: 2F
1-1: Foul Ball, location: 2F
1-2: Foul Ball, location: 2F
1-2: Ball
2-2: Strikes out swinging
Batting: SHB Bob Noble 0-0: Ball
1-0: Fielders Choice at 2nd, 4-6 (Groundball, 4M)
Batting: RHB Matt Perkins 0-0: Called Strike
0-1: Ball
1-1: Called Strike
1-2: Ground out U3 (Groundball, 34)
Top of the 2nd over - 0 run(s), 1 hit(s), 0 error(s), 1 left on base; Blueville 2 - Detroit 1
BOTTOM OF THE 2ND
Detroit X-Wings batting - Pitching for Blueville 83's : RHP Gary Grimes
Batting: RHB Gary Witt 0-0: Called Strike
0-1: Hit by Pitch
Batting: RHB Júlio López 0-0: Called Strike
0-1: Foul Ball, location: 2F
0-2: Ball
1-2: Ball
2-2: Strikes out looking
Batting: RHB Oliver Acevedo 0-0: Ball
1-0: Swinging Strike
1-1: Grounds into double play, 1-6-3 (Groundball, P)
Bottom of the 2nd over - 0 run(s), 0 hit(s), 0 error(s), 0 left on base; Blueville 2 - Detroit 1
TOP OF THE 3RD
Blueville 83's batting - Pitching for Detroit X-Wings : RHP Júlio Ruíz
Batting: RHB Tae-kwon Kwon 0-0: Ball
1-0: Ball
2-0: Foul Ball, location: 2F
2-1: Ground out 5-3 (Groundball, 56S)
Batting: LHB António Glaviz 0-0: Ball
1-0: Ball
2-0: Ball
3-0: Base on Balls
Batting: LHB Ricardo Romero 0-0: Called Strike
0-1: Ball
1-1: Foul Ball, location: 2F
1-2: Ball
2-2: Foul Ball, location: 2F
2-2: Foul Ball, location: 2F
2-2: Ball
3-2: Strikes out swinging
Batting: LHB Ron Robinson 0-0: Ball
1-0: Ball
2-0: Swinging Strike
2-1: Swinging Strike
2-2: Fielders Choice at 2nd, 4-6 (Groundball, 4)
Top of the 3rd over - 0 run(s), 0 hit(s), 0 error(s), 0 left on base; Blueville 2 - Detroit 1
BOTTOM OF THE 3RD
Detroit X-Wings batting - Pitching for Blueville 83's : RHP Gary Grimes
Batting: SHB Felipe Detorres 0-0: Ball
1-0: Foul Ball, location: 2F
1-1: Fly out, F8 (Flyball, 8LXD)
Batting: LHB Sergio Luna 0-0: Called Strike
0-1: Ball
1-1: Swinging Strike
1-2: Ball
2-2: Strikes out swinging
Batting: LHB Chris Loudermilk 0-0: Ball
1-0: Ball
2-0: Ball
3-0: Called Strike
3-1: Ground out 4-3 (Groundball, 4)
Bottom of the 3rd over - 0 run(s), 0 hit(s), 0 error(s), 0 left on base; Blueville 2 - Detroit 1
TOP OF THE 4TH
Blueville 83's batting - Pitching for Detroit X-Wings : RHP Júlio Ruíz
Batting: RHB Felipe Rivera 0-0: Called Strike
0-1: Ball
1-1: Fly out, F4 (Popup, 34D)
Batting: LHB Vincente Sáenz 0-0: Foul Ball, location: 2F
0-1: Ball
1-1: Swinging Strike
1-2: SINGLE (Groundball, 4MD)
Batting: LHB Jacob Wright 0-0: Called Strike
0-1: Ball
1-1: Swinging Strike
1-2: Ball
2-2: Ball
3-2: SINGLE (Line Drive, 89S)
Vincente Sáenz to second
Batting: SHB Bob Noble 0-0: Ball
1-0: Ground out 5-3 (Groundball, 56S)
Vincente Sáenz to third
Jacob Wright to second
Batting: RHB Matt Perkins 0-0: Ball
Wild Pitch!
Vincente Sáenz scores
Jacob Wright to third
1-0: Ball
2-0: Ground out 6-3 (Groundball, 6)
Top of the 4th over - 1 run(s), 2 hit(s), 0 error(s), 1 left on base; Blueville 3 - Detroit 1
BOTTOM OF THE 4TH
Detroit X-Wings batting - Pitching for Blueville 83's : RHP Gary Grimes
Batting: RHB Jaime Contreras 0-0: Called Strike
0-1: Ball
1-1: SINGLE (Groundball, 34D)
Batting: LHB Juan Jose Pineda 0-0: Ball
1-0: Ball
2-0: Ball
3-0: Called Strike
3-1: Called Strike
3-2: Base on Balls
Jaime Contreras to second
Batting: RHB John Moore 0-0: Ball
1-0: Ball
2-0: Ball
Wild Pitch!
Jaime Contreras to third
Juan Jose Pineda to second
3-0: Base on Balls
Batting: RHB Gary Witt 0-0: Ball
1-0: SINGLE (Groundball, 34D)
Jaime Contreras scores
Juan Jose Pineda to third
John Moore to second
Runner from 3rd tries for Home, SAFE, no throw
Batting: RHB Júlio López 0-0: Ball
1-0: Grounds into double play, 4-6-3 (Groundball, 4)
John Moore to third
Batting: RHB Oliver Acevedo 0-0: Ball
1-0: Fly out, F9 (Flyball, 9)
Bottom of the 4th over - 2 run(s), 2 hit(s), 0 error(s), 1 left on base; Blueville 3 - Detroit 3
TOP OF THE 5TH
Blueville 83's batting - Pitching for Detroit X-Wings : RHP Júlio Ruíz
Batting: RHB Tae-kwon Kwon 0-0: Ball
1-0: Swinging Strike
1-1: Ball
2-1: Ball
3-1: SINGLE (Groundball, 6MD)
Batting: LHB António Glaviz 0-0: Ball
Tae-kwon Kwon steals 2nd base
1-0: Called Strike
1-1: Called Strike
1-2: Ball
2-2: Single, Error in OF, E7, batter to second base
Tae-kwon Kwon scores
Batting: LHB Ricardo Romero 0-0: Called Strike
0-1: Ball
1-1: Foul Ball, location: 2F
1-2: Fly out, F8 (Flyball, 8LM)
Batting: LHB Ron Robinson 0-0: Called Strike
0-1: Fly out, F9 (Line Drive, 9D)
Runner from 2nd tags up, SAFE at 3rd, no throw
Batting: RHB Felipe Rivera 0-0: Ball
1-0: Ball
2-0: Ball
3-0: Called Strike
3-1: Called Strike
3-2: Fly out, F8 (Line Drive, 8RD)
Top of the 5th over - 1 run(s), 2 hit(s), 1 error(s), 1 left on base; Blueville 4 - Detroit 3
BOTTOM OF THE 5TH
Detroit X-Wings batting - Pitching for Blueville 83's : RHP Gary Grimes
Batting: SHB Felipe Detorres 0-0: Ball
1-0: Ground out 1-3 (Groundball, 13)
Batting: LHB Sergio Luna 0-0: Ball
1-0: SINGLE (Line Drive, 56D)
Batting: LHB Chris Loudermilk 0-0: DOUBLE (Line Drive, 7)
Sergio Luna to third
Runner from 3rd tries for Home, SAFE, no throw
Batting: RHB Jaime Contreras 0-0: Foul Ball, location: 2F
0-1: Ball
1-1: Ball
2-1: Foul Ball, location: 2F
2-2: Strikes out looking
Batting: LHB Juan Jose Pineda 0-0: Called Strike
0-1: Swinging Strike
0-2: 2-RUN HOME RUN (Flyball, 9D), Distance : 396 ft
Batting: RHB John Moore 0-0: Called Strike
0-1: Swinging Strike
0-2: Strikes out swinging
Bottom of the 5th over - 3 run(s), 3 hit(s), 0 error(s), 0 left on base; Blueville 4 - Detroit 6
TOP OF THE 6TH
Blueville 83's batting - Pitching for Detroit X-Wings : RHP Júlio Ruíz
Pitching: LHP Richard Dorris
Batting: LHB Vincente Sáenz 0-0: Called Strike
0-1: Called Strike
0-2: DOUBLE (Flyball, 8RXD)
Batting: LHB Jacob Wright 0-0: Ball
1-0: Ball
2-0: Called Strike
2-1: Foul Ball, location: 2F
2-2: Fly out, F2 (Popup, 25)
Batting: SHB Bob Noble 0-0: Ball
1-0: Called Strike
1-1: Ball
2-1: Ball
3-1: Foul Ball, location: 2F
3-2: Ground out 5-3 (Groundball, 56)
Batting: RHB Matt Perkins 0-0: Ground out 1-3 (Groundball, 13)
Top of the 6th over - 0 run(s), 1 hit(s), 0 error(s), 1 left on base; Blueville 4 - Detroit 6
BOTTOM OF THE 6TH
Detroit X-Wings batting - Pitching for Blueville 83's : RHP Gary Grimes
Pitching: RHP Clint Tancock
Batting: RHB Gary Witt 0-0: Foul Ball, location: 2F
0-1: Swinging Strike
0-2: Foul Ball, location: 2F
0-2: Ball
1-2: Ball
2-2: Strikes out swinging
Batting: RHB Júlio López 0-0: Called Strike
0-1: Swinging Strike
0-2: Foul Ball, location: 2F
0-2: Foul Ball, location: 2F
0-2: Ball
1-2: Foul Ball, location: 2F
1-2: SINGLE (Groundball, 4S) (infield hit)
Batting: RHB Oliver Acevedo 0-0: Ball
1-0: Called Strike
1-1: Ball
2-1: Ball
3-1: Called Strike
3-2: Strikes out looking
Batting: SHB Felipe Detorres 0-0: Ball
1-0: Ball
2-0: Ground out 6-3 (Groundball, 6MS)
Bottom of the 6th over - 0 run(s), 1 hit(s), 0 error(s), 1 left on base; Blueville 4 - Detroit 6
TOP OF THE 7TH
Blueville 83's batting - Pitching for Detroit X-Wings : LHP Richard Dorris
Batting: RHB Tae-kwon Kwon 0-0: Called Strike
0-1: Called Strike
0-2: Ball
1-2: Foul Ball, location: 2F
1-2: Ball
2-2: SINGLE (Groundball, 4D)
Batting: LHB António Glaviz 0-0: Ball
1-0: Foul Ball, location: 2F
1-1: Ball
2-1: Fly out, F7 (Flyball, 7S)
Batting: LHB Ricardo Romero 0-0: Called Strike
0-1: Foul Ball, location: 2F
0-2: Ball
1-2: Strikes out swinging
Batting: LHB Ron Robinson 0-0: Called Strike
0-1: Swinging Strike
0-2: Ball
Tae-kwon Kwon steals 2nd base
1-2: Foul Ball, location: 2F
1-2: Foul Ball, location: 2F
1-2: Foul Ball, location: 2F
1-2: DOUBLE (Line Drive, 89M)
Tae-kwon Kwon scores
Batting: RHB Felipe Rivera 0-0: Swinging Strike
0-1: Fly out, F9 (Flyball, 89S)
Top of the 7th over - 1 run(s), 2 hit(s), 0 error(s), 1 left on base; Blueville 5 - Detroit 6
BOTTOM OF THE 7TH
Detroit X-Wings batting - Pitching for Blueville 83's : RHP Clint Tancock
Batting: LHB Sergio Luna 0-0: Ball
1-0: SINGLE (Line Drive, 4MD)
Batting: LHB Chris Loudermilk 0-0: Ball
1-0: Called Strike
1-1: Called Strike
1-2: Ball
2-2: Ground out U3 (Groundball, 3)
Sergio Luna to second
Batting: RHB Jaime Contreras 0-0: DOUBLE (Flyball, 9LM)
Sergio Luna scores
Batting: LHB Juan Jose Pineda 0-0: Intentional Walk
Batting: RHB John Moore 0-0: Called Strike
0-1: Swinging Strike
0-2: Strikes out swinging
Pitching: RHP José Ruíz
Pinch Hitting: RHB Enrique Aguilar 0-0: Ball
1-0: Foul Ball, location: 2F
1-1: Fielders Choice at 2nd, 5-4 (Groundball, 56)
Bottom of the 7th over - 1 run(s), 2 hit(s), 0 error(s), 1 left on base; Blueville 5 - Detroit 7
TOP OF THE 8TH
Blueville 83's batting - Pitching for Detroit X-Wings : LHP Richard Dorris
Now at 2B: Albert Chávez
Batting: LHB Vincente Sáenz 0-0: Ball
1-0: Called Strike
1-1: Single, Error in OF, E7, batter to second base
Pitching: RHP José Castro
Batting: LHB Jacob Wright 0-0: Ball
1-0: Ground out U3 (Groundball, 34)
Vincente Sáenz to third
Batting: SHB Bob Noble 0-0: Called Strike
0-1: Swinging Strike
0-2: Ground out U3 (Groundball, 34)
Vincente Sáenz scores
Batting: RHB Matt Perkins 0-0: Ball
1-0: Called Strike
1-1: Foul Ball, location: 2F
1-2: Strikes out swinging
Top of the 8th over - 1 run(s), 1 hit(s), 1 error(s), 0 left on base; Blueville 6 - Detroit 7
BOTTOM OF THE 8TH
Detroit X-Wings batting - Pitching for Blueville 83's : RHP José Ruíz
Batting: RHB Júlio López 0-0: Ball
1-0: Ball
2-0: Ball
3-0: Called Strike
3-1: Base on Balls
Batting: RHB Oliver Acevedo 0-0: Grounds into double play, 6-4-3 (Groundball, 6)
Batting: SHB Felipe Detorres 0-0: Called Strike
0-1: Foul Ball, location: 2F
0-2: Foul Ball, location: 2F
0-2: Ball
1-2: Foul Ball, location: 2F
1-2: Strikes out swinging
Bottom of the 8th over - 0 run(s), 0 hit(s), 0 error(s), 0 left on base; Blueville 6 - Detroit 7
TOP OF THE 9TH
Blueville 83's batting - Pitching for Detroit X-Wings : RHP José Castro
Pitching: RHP Charlie Alexander
Now at C: Carlos Aguirre
Now at 1B: Domingo Ávila
Now in CF: Merlin Morris
Batting: RHB Tae-kwon Kwon 0-0: Called Strike
0-1: Ball
1-1: Ball
2-1: Foul Ball, location: 2F
2-2: Ball
3-2: Foul Ball, location: 2F
3-2: Strikes out swinging
Batting: LHB António Glaviz 0-0: Ground out U3 (Groundball, 3)
Batting: LHB Ricardo Romero 0-0: Swinging Strike
0-1: Ground out U3 (Groundball, 3)
Top of the 9th over - 0 run(s), 0 hit(s), 0 error(s), 0 left on base; Blueville 6 - Detroit 7
Tuesday, August 8th, 2017 - OOTP Baseball 17.12 Build 75